 Dungeon Crawl Stone Soup version 0.24.1-14-gf8d2b509d9 (webtiles) character file.

Game seed: 15431367030477365348, levelgen mode: deterministic

4001 HereIgoKillingAgain the Cleaver (level 10, -5/93 HPs)
             Began as a Hill Orc Fighter on May 24, 2020.
             Was an Initiate of Beogh.
             Slain by a two-headed ogre
             ... wielding a +0 giant club
              (16 damage)
             ... on level 8 of the Dungeon.
             The game lasted 00:08:50 (7463 turns).

HereIgoKillingAgain the Cleaver (Hill Orc Fighter)  Turns: 7463, Time: 00:08:50

Health: -5/93      AC: 15    Str: 25    XL:     10   Next: 23%
Magic:  10/10      EV:  8    Int: 11    God:    Beogh [......]
Gold:   110        SH:  0    Dex: 10    Spells: 9/9 levels left

rFire    + . .     SeeInvis .   a - +1 war axe
rCold    . . .     Gourm    .   (no shield)
rNeg     . . .     Faith    .   s - +0 chain mail
rPois    .         Spirit   .   B - +1 helmet "Xuudifol" {rF+}
rElec    .         Reflect  .   m - +1 cloak
rCorr    .         Harm     .   p - +0 pair of gloves
MR       .....                  (no boots)
Stlth    ..........             (no amulet)
HPRegen  0.25/turn              q - +5 ring of slaying
MPRegen  0.12/turn              (no ring)

@: mighty, hasted, very quick
A: no striking features
a: Renounce Religion


You were on level 8 of the Dungeon.
You worshipped Beogh.
Beogh was noncommittal.
You were hungry.

You visited 2 branches of the dungeon, and saw 9 of its levels.
You also visited: Sewer.

You collected 404 gold pieces.
You spent 294 gold pieces at shops.

Inventory:

Hand Weapons
 a - a +1 war axe (weapon)
Armour
 m - a +1 cloak (worn)
 p - a +0 pair of gloves (worn)
 s - a +0 chain mail (worn)
 B - the +1 helmet "Xuudifol" (worn) {rF+}
   (You bought it in a shop on level 8 of the Dungeon)

   It protects you from fire.
Jewellery
 q - a +5 ring of slaying (left hand)
 A - an uncursed ring of protection from magic
Wands
 d - a wand of polymorph (8)
 v - a wand of paralysis (3)
 w - a wand of acid (6)
 y - a wand of enslavement (6)
Scrolls
 b - 3 scrolls of blinking
 c - a scroll of amnesia {unknown}
 h - 4 scrolls of teleportation
 j - 4 scrolls of fear
 k - 5 scrolls of remove curse
 l - 5 scrolls of enchant armour
 x - a scroll of immolation {unknown}
 z - a scroll of fog {unknown}
Potions
 e - 4 potions of haste
 i - 2 potions of resistance
 n - a potion of curing
 o - a potion of lignification
 r - 2 potions of degeneration
 t - a potion of flight
Comestibles
 f - 9 rations


   Skills:
 * Level 9.8 Fighting
 + Level 14.8 Axes
 * Level 4.9 Armour
   Level 3.2 Shields


You had 9 spell levels left.
You didn't know any spells.
Your spell library contained the following spells:

 Spells                   Type           Power        Failure   Level  Hunger
 Magic Dart               Conj           #...         92%         1    ##.....
 Blink                    Tloc           N/A          98%         2    ###....
 Call Imp                 Summ           #.......     98%         2    ###....
 Searing Ray              Conj           #.....       98%         2    ###....
 Slow                     Hex            #.......     98%         2    ###....
 Conjure Flame            Conj/Fire      #.......     100%        3    ####...
 Dazzling Spray           Conj/Hex       #.....       100%        3    ####...
 Mephitic Cloud           Conj/Pois/Air  #.......     100%        3    ####...
 Force Lance              Conj/Tloc      #.......     100%        4    #####..
 Fulminant Prism          Conj/Hex       #.........   100%        4    #####..
 Iskenderun's Mystic Bla  Conj           #.......     100%        4    #####..


Dungeon Overview and Level Annotations

Branches:
Dungeon (8/15)             Temple (1/1) D:6           Sewer (visited)
   Lair: D:8-11

Altars:
Ashenzari
Cheibriados
Dithmenos
Fedhas
Gozag
Hepliaklqana
Kikubaaqudgha
Makhleb
Nemelex Xobeh
Okawaru
Qazlal
Sif Muna
Trog
Uskayaw
Vehumet
Wu Jian
Xom
Zin
The Shining One

Shops:
D:3 *   D:8 [

Annotations:
D:7 1 exclusion


Message History

Beogh smites you!
You hear a shout!
The orc priest calls down the wrath of Beogh upon you.
Beogh smites you!
An ogre comes into view. It is wielding a +0 giant spiked club.
The ogre shouts!
You feel yourself speed up. The two-headed ogre barely misses you.
The two-headed ogre hits you but does no damage.
You feel very mighty all of a sudden.
The orc priest invokes the aid of Beogh against you.
Beogh smites you!
* * * LOW HITPOINT WARNING * * *
You hear a shout!
You slash the two-headed ogre!
The two-headed ogre is severely wounded.
You hit the ogre.
The ogre hits you with a +0 giant spiked club!
* * * LOW HITPOINT WARNING * * *
The two-headed ogre hits you with a +0 giant club!
You die...

#.....#####.##
#..........o.#
#.....#####<.#
#..#.######o.######
#..#.# #...........
#....# #.##..######
##.### # #..# #.#
#.o########... #.#
#....O@O......
##.#####.#############..
.........# ##.#######
...# ####


You could see a two-headed ogre, an ogre and an orc priest.

Vanquished Creatures
  Pikel (D:8)
  Grinder (D:4)
  A troll (D:8)
  A hippogriff (D:7)
  Eustachio (D:4)
  Sigmund (D:2)
  2 swamp worms (D:7)
  Edmund (D:4)
  2 sky beasts
  An ice beast (D:7)
  3 phantoms
  3 ogres
  2 big kobolds
  3 bullfrogs
  5 scorpions
  2 electric eels (D:7)
  A howler monkey (D:8)
  A crimson imp (D:8)
  3 hounds
  2 jellies (D:8)
  A centaur skeleton (D:8)
  2 iguanas
  6 worker ants
  6 orc wizards
  A killer bee zombie (D:7)
  A worker ant zombie (D:7)
  Robin (D:4)
  7 adders
  An adder zombie (D:8)
  An adder skeleton (D:7)
  4 worms
  3 dart slugs
  8 leopard geckos
  26 orcs
  2 ball pythons
  7 bats
  6 giant cockroaches
  18 goblins
  13 hobgoblins
  4 jackals
  15 kobolds
  4 quokkas
  5 frilled lizards
  A quokka skeleton (D:4)
  11 rats
191 creatures vanquished.

Vanquished Creatures (others)
  2 plants (D:7)
2 creatures vanquished.

Grand Total: 193 creatures vanquished

Notes
Turn   | Place    | Note
-------+----------+-------------------------------------------
     0 | D:1      | HereIgoKillingAgain the Hill Orc Fighter began the quest
                  | for the Orb.
     0 | D:1      | Reached XP level 1. HP: 19/19 MP: 1/1
    13 | D:1      | Reached skill level 3 in Axes
    86 | D:1      | Reached XP level 2. HP: 25/26 MP: 2/2
   247 | D:1      | Reached skill level 4 in Axes
   728 | D:2      | Found a snail-covered altar of Cheibriados.
   747 | D:2      | Reached XP level 3. HP: 28/31 MP: 3/3
   992 | D:2      | Reached skill level 5 in Axes
  1042 | D:2      | Noticed Sigmund
  1050 | D:2      | Killed Sigmund
  1050 | D:2      | Reached skill level 7 in Axes
  1050 | D:2      | Reached XP level 4. HP: 31/39 MP: 4/4
  1050 | D:2      | Reached XP level 5. HP: 35/45 MP: 5/5
  1133 | D:2      | Noticed a sky beast
  1143 | D:2      | Killed a sky beast
  1143 | D:2      | Reached skill level 8 in Axes
  1143 | D:2      | Reached XP level 6. HP: 36/51 MP: 6/6
  1602 | D:3      | Found Gozag's Platinum Reserve.
  1664 | D:3      | Found an opulent altar of Gozag.
  1784 | D:3      | Reached skill level 9 in Axes
  2048 | D:3      | Found a burning altar of Makhleb.
  2294 | D:4      | Noticed a phantom
  2327 | D:4      | Reached XP level 7. HP: 58/59 MP: 7/7
  2388 | D:4      | Noticed Robin
  2392 | D:4      | Noticed Grinder
  2399 | D:4      | Paralysed by Grinder for 7 turns
  2422 | D:4      | Killed Grinder
  2422 | D:4      | Reached skill level 5 in Fighting
  2422 | D:4      | Reached skill level 10 in Axes
  2426 | D:4      | Killed Robin
  2556 | D:4      | Found a glowing drain.
  2556 | D:4      | Noticed Edmund
  2557 | D:4      | Noticed Eustachio
  2564 | Sewer    | Entered a sewer
  2568 | Sewer    | Reached XP level 8. HP: 57/69 MP: 8/8
  2711 | Sewer    | Found a white marble altar of Elyvilon.
  2812 | D:4      | Killed Edmund
  2812 | D:4      | Reached skill level 11 in Axes
  2837 | D:4      | Killed Eustachio
  3725 | D:5      | Entered Level 5 of the Dungeon
  3749 | D:5      | Reached skill level 12 in Axes
  3924 | D:5      | Found a blossoming altar of Fedhas.
  4233 | D:5      | Found a glowing silver altar of Zin.
  4433 | D:6      | Reached XP level 9. HP: 73/79 MP: 9/9
  4682 | D:6      | Reached skill level 13 in Axes
  4885 | D:6      | Found a staircase to the Ecumenical Temple.
  5140 | Temple   | Entered the Ecumenical Temple
  5786 | D:7      | Found a radiant altar of Vehumet.
  6347 | D:7      | Reached skill level 14 in Axes
  7200 | D:8      | Found a glowing silver altar of Zin.
  7270 | D:8      | Noticed a troll
  7284 | D:8      | Killed a troll
  7284 | D:8      | Reached XP level 10. HP: 74/91 MP: 10/10
  7320 | D:8      | Found Amyt's Antique Armour Shoppe.
  7330 | D:8      | Bought a spiked helmet for 294 gold pieces
  7332 | D:8      | Identified the +1 helmet "Xuudifol" {rF+} (You bought it in
                  | a shop on level 8 of the Dungeon)
  7376 | D:8      | Noticed Pikel
  7383 | D:8      | Killed Pikel
  7406 | D:8      | Became a worshipper of Beogh the Brigand
  7448 | D:8      | Noticed a two-headed ogre
  7463 | D:8      | Slain by a two-headed ogre

Levels and vault maps discovered:
D:1:      minmay_arrival_up_and_down, layout_basic, dk_noncrumbling_3
D:2:      layout_basic, cheibriados_altar_1, first_ration, uniq_sigmund
D:3:      minmay_general_purpose_star, layout_basic, bloody_makhleb,
          nicolae_gozag_zags_fifth_avenue
D:4:      layout_layer_cave, portal_sewer_entry_a, uniq_robin, uniq_eustachio,
          uniq_grinder, uniq_edmund
D:5:      layout_cave_pools, zin_academy, fedhas_altar_1
D:6:      layout_cave_pods, minmay_temple_entry_stoned_glass
D:7:      statuecave_lemuel, layout_loops_ring, fiery_altar_vehumet,
          worms_lemuel
D:8:      layout_loops_ring, lemuel_mausoleum_altar_yredelemnul, basic_altar,
          serial_shops, shop_fountains, uniq_pikel
Temple:   dshaligram_water_room_temple

Skill      XL: |  1  2  3  4  5  6  7  8  9 10 |
---------------+-------------------------------+-----
Axes           | 3 4 7 8 9 10 12 14 | 14.8
Fighting       | 4 5 7 9 |  9.8
Armour         | 4 |  4.9
Shields        | |  3.2

Action                   |  1- 3 |  4- 6 |  7- 9 | 10-12 || total
-------------------------+-------+-------+-------+-------++-------
Melee: War axe           |    85 |   155 |   331 |    26 ||   597
Invok: Convert to Beogh  |       |       |       |     1 ||     1
  Use: Scroll            |     6 |     5 |     2 |     3 ||    16
       Potion            |     1 |       |     6 |     2 ||     9
  Eat: Chunk             |       |     4 |     3 |       ||     7
       Ration            |       |     1 |     3 |       ||     4
Armor: Scale mail        |    44 |    18 |       |       ||    62
       Chain mail        |       |    72 |   231 |     6 ||   309
Dodge: Dodged            |    51 |    59 |   139 |     5 ||   254
Block: Shield            |     2 |       |       |       ||     2
